[ AOE2 MATCH · #458564136 ]
Team RMFranks vs Persians
[ REPLAY ANALYSIS · EXTRACTED FROM THE RECORDED GAME ]
Feudal
—
Castle
—
Imperial
—
| APM avg | 25.0 |
| APM peak | 46 |
| eAPM avg | 14.1 |
| Villagers / military | 79 / 40 |
Focus
⚔️ 22.7% · 🌾 77.3%
Knight ×31 · Spearman ×3 · Battering Ram ×3 · Scout Cavalry ×3
Feudal
21:22
Castle
—
Imperial
—
| APM avg | 29.7 |
| APM peak | 67 |
| eAPM avg | 17.1 |
| Villagers / military | 88 / 0 |
Focus
⚔️ 13.5% · 🌾 86.5%
Feudal
10:59
Castle
19:06
Imperial
—
| APM avg | 22.2 |
| APM peak | 64 |
| eAPM avg | 13.4 |
| Villagers / military | 103 / 3 |
Focus
⚔️ 11.8% · 🌾 88.2%
Monk ×3
Feudal
15:18
Castle
20:27
Imperial
—
| APM avg | 21.3 |
| APM peak | 72 |
| eAPM avg | 12.3 |
| Villagers / military | 91 / 17 |
Focus
⚔️ 11.8% · 🌾 88.2%
Camel Scout ×14 · Knight ×3
Feudal
13:41
Castle
18:52
Imperial
—
| APM avg | 17.2 |
| APM peak | 50 |
| eAPM avg | 12.5 |
| Villagers / military | 129 / 18 |
Focus
⚔️ 13.1% · 🌾 86.9%
Ballista Elephant ×17 · Monk ×1
Feudal
11:48
Castle
20:07
Imperial
—
| APM avg | 26.9 |
| APM peak | 60 |
| eAPM avg | 12.0 |
| Villagers / military | 96 / 30 |
Focus
⚔️ 18.0% · 🌾 82.0%
Knight ×14 · Obuch ×10 · Militia ×5 · Monk ×1
Feudal
9:43
Castle
—
Imperial
—
| APM avg | 11.9 |
| APM peak | 56 |
| eAPM avg | 5.1 |
| Villagers / military | 38 / 14 |
Focus
⚔️ 32.9% · 🌾 67.1%
Militia ×10 · Spearman ×4
Feudal
23:31
Castle
29:45
Imperial
—
| APM avg | 14.6 |
| APM peak | 55 |
| eAPM avg | 9.4 |
| Villagers / military | 87 / 4 |
Focus
⚔️ 11.3% · 🌾 88.7%
Ballista Elephant ×4
Match map
Initial resources + every placement click. Lines = walls · curves = elevation contours. ◆ gold · ⬟ stone · ● berries · ✦ relic · ◌ wall gap
Your base· ✓ Closed at 16:52 · 0t walls · no gate
mm_ken's base· ✓ Closed at 30:59 · 48t walls · 1 gate(s)
又菜又爱玩's base· ✓ Closed at 19:06 · 0t walls · no gate
mistermabilis's base· ✓ Closed at 20:27 · 1t walls · no gate
necca's base· ✓ Closed at 18:52 · 18t walls · no gate
BoToR's base· ✓ Closed at 20:07 · 7t walls · 1 gate(s)
Johnny_Joester's base· Open — unwalled flank
Ñorda's base· ✓ Closed at 29:45 · 42t walls · 1 gate(s) · fragile
Smoothed initial terrain · ◌ = detected wall gap · hover for details
Inputs per minute
— WWPKIMI - - mm_ken
Build order — WWPKIMI
First 150 of 195 actions detected
| 0:04 | Build | House |
| 0:05 | Research | Loom |
| 0:05 | Create | Villager (Male) |
| 0:05 | Create | Villager (Male) |
| 0:06 | Create | Villager (Male) |
| 0:06 | Create | Villager (Male) |
| 0:06 | Create | Villager (Male) |
| 0:08 | Build | House |
| 2:00 | Create | Villager (Male) |
| 2:00 | Create | Villager (Male) |
| 2:26 | Build | Lumber Camp |
| 2:28 | Create | Villager (Male) |
| 3:50 | Create | Villager (Male) |
| 3:51 | Create | Villager (Male) |
| 3:51 | Create | Villager (Male) |
| 4:47 | Build | Mill |
| 4:50 | Create | Villager (Male) |
| 4:50 | Create | Villager (Male) |
| 5:55 | Create | Villager (Male) |
| 5:55 | Create | Villager (Male) |
| 6:24 | Build | House |
| 6:33 | Build | House |
| 7:32 | Build | Lumber Camp |
| 7:34 | Create | Villager (Male) |
| 7:35 | Create | Villager (Male) |
| 8:07 | Create | Villager (Male) |
| 8:51 | Create | Villager (Male) |
| 9:17 | Create | Villager (Male) |
| 9:18 | Create | Villager (Male) |
| 9:19 | Create | Villager (Male) |
| 10:02 | Create | Villager (Male) |
| 10:09 | Create | Villager (Male) |
| 10:18 | Build | House |
| 10:37 | Build | Mining Camp |
| 10:47 | Research | Feudal Age |
| 11:08 | Build | House |
| 13:31 | Create | Villager (Male) |
| 13:31 | Create | Villager (Male) |
| 13:32 | Create | Villager (Male) |
| 13:37 | Create | Villager (Male) |
| 13:50 | Build | Barracks |
| 14:17 | Build | Blacksmith |
| 14:42 | Build | Stable |
| 14:50 | Build | Market |
| 15:00 | Create | Villager (Male) |
| 15:11 | Build | Farm |
| 15:12 | Build | Farm |
| 15:13 | Build | Farm |
| 15:14 | Build | Farm |
| 15:30 | Create | Villager (Male) |
| 15:31 | Create | Villager (Male) |
| 15:49 | Create | Villager (Male) |
| 16:07 | Build | Stable |
| 16:52 | Research | Castle Age |
| 17:01 | Build | Lumber Camp |
| 17:12 | Build | Farm |
| 17:12 | Build | Farm |
| 17:12 | Build | Farm |
| 17:12 | Build | Farm |
| 17:13 | Build | Farm |
| 17:32 | Build | Farm |
| 17:32 | Build | Farm |
| 17:32 | Build | Farm |
| 17:32 | Build | Farm |
| 17:57 | Create | Villager (Male) |
| 18:02 | Create | Villager (Male) |
| 18:04 | Create | Villager (Male) |
| 18:26 | Build | Farm |
| 18:26 | Build | Farm |
| 18:26 | Build | Farm |
| 18:27 | Build | Farm |
| 18:27 | Build | Farm |
| 18:38 | Research | Double-Bit Axe |
| 18:45 | Build | House |
| 18:46 | Build | House |
| 18:48 | Build | House |
| 18:57 | Build | House |
| 19:42 | Research | Husbandry |
| 19:43 | Create | Knight ×5 |
| 19:51 | Create | Knight |
| 20:05 | Create | Villager (Male) |
| 20:08 | Build | Farm |
| 20:09 | Build | Farm |
| 20:09 | Build | Farm |
| 20:09 | Build | Farm |
| 20:11 | Create | Villager (Male) |
| 20:41 | Build | Siege Workshop |
| 20:57 | Create | Knight |
| 20:57 | Create | Knight |
| 21:56 | Build | Town Center |
| 22:19 | Build | Lumber Camp |
| 22:20 | Create | Villager (Male) |
| 22:20 | Create | Villager (Male) |
| 22:21 | Create | Villager (Male) |
| 22:24 | Create | Villager (Male) |
| 22:25 | Create | Villager (Male) |
| 23:21 | Create | Scout Cavalry |
| 23:21 | Create | Scout Cavalry |
| 23:22 | Create | Scout Cavalry |
| 23:31 | Create | Knight ×4 |
| 24:31 | Research | Forging |
| 24:31 | Research | Scale Barding Armor |
| 26:11 | Create | Knight |
| 26:12 | Create | Knight |
| 26:12 | Create | Knight |
| 26:13 | Create | Knight |
| 26:16 | Create | Villager (Male) |
| 26:16 | Create | Villager (Male) |
| 26:17 | Create | Villager (Male) |
| 26:17 | Create | Villager (Male) |
| 26:20 | Create | Villager (Male) |
| 26:20 | Create | Villager (Male) |
| 26:20 | Create | Villager (Male) |
| 26:29 | Build | Town Center |
| 26:49 | Create | Spearman |
| 26:50 | Create | Spearman |
| 26:50 | Create | Spearman |
| 27:08 | Create | Knight |
| 27:09 | Create | Knight |
| 27:15 | Build | Mining Camp |
| 27:18 | Create | Villager (Male) |
| 27:19 | Create | Villager (Male) |
| 27:24 | Create | Villager (Male) |
| 27:45 | Create | Villager (Male) |
| 27:45 | Create | Villager (Male) |
| 27:47 | Create | Villager (Male) |
| 28:07 | Create | Villager (Male) |
| 28:09 | Create | Villager (Male) |
| 29:19 | Build | House |
| 29:19 | Build | House |
| 29:19 | Build | House |
| 29:19 | Build | House |
| 29:19 | Build | House |
| 29:20 | Build | House |
| 29:20 | Build | House |
| 29:27 | Build | Mining Camp |
| 29:29 | Create | Villager (Male) |
| 29:29 | Create | Villager (Male) |
| 29:32 | Build | House |
| 29:34 | Build | House |
| 29:35 | Build | House |
| 29:35 | Build | House |
| 29:42 | Build | House |
| 29:42 | Build | House |
| 29:43 | Build | House |
| 29:59 | Create | Knight ×5 |
| 30:01 | Create | Knight ×4 |
| 30:18 | Build | Farm |
| 30:18 | Build | Farm |
| 30:18 | Build | Farm |
Build order — mm_ken
130 actions detected in the replay
| 0:01 | Create | Villager (Male) |
| 0:01 | Create | Villager (Male) |
| 0:02 | Create | Villager (Male) |
| 0:02 | Create | Villager (Male) |
| 0:02 | Create | Villager (Male) |
| 0:04 | Build | House |
| 0:05 | Build | House |
| 0:15 | Research | Loom |
| 0:50 | Build | Palisade Wall |
| 0:57 | Create | Villager (Male) |
| 0:57 | Create | Villager (Male) |
| 6:10 | Build | House |
| 6:42 | Build | House |
| 7:30 | Build | House |
| 7:36 | Build | House |
| 8:11 | Build | House |
| 8:16 | Build | House |
| 8:34 | Build | House |
| 8:55 | Create | Villager (Male) |
| 8:55 | Create | Villager (Male) |
| 9:57 | Create | Villager (Male) |
| 9:57 | Create | Villager (Male) |
| 10:06 | Create | Villager (Male) |
| 10:06 | Create | Villager (Male) |
| 10:46 | Create | Villager (Male) |
| 10:46 | Create | Villager (Male) |
| 11:01 | Create | Villager (Male) |
| 11:36 | Create | Villager (Male) |
| 11:36 | Create | Villager (Male) |
| 11:59 | Create | Villager (Male) |
| 11:59 | Create | Villager (Male) |
| 12:03 | Create | Villager (Male) |
| 12:03 | Create | Villager (Male) |
| 12:33 | Create | Villager (Male) |
| 12:59 | Create | Villager (Male) |
| 12:59 | Create | Villager (Male) |
| 13:28 | Create | Villager (Male) |
| 13:29 | Create | Villager (Male) |
| 13:29 | Create | Villager (Male) |
| 13:56 | Create | Villager (Male) |
| 13:56 | Create | Villager (Male) |
| 13:56 | Create | Villager (Male) |
| 14:23 | Build | Lumber Camp |
| 14:57 | Create | Villager (Male) |
| 15:59 | Build | Mill |
| 16:53 | Create | Villager (Male) |
| 16:53 | Create | Villager (Male) |
| 16:54 | Create | Villager (Male) |
| 16:54 | Create | Villager (Male) |
| 17:08 | Create | Villager (Male) |
| 17:08 | Create | Villager (Male) |
| 17:08 | Create | Villager (Male) |
| 17:08 | Create | Villager (Male) |
| 17:36 | Create | Villager (Male) |
| 17:36 | Create | Villager (Male) |
| 19:12 | Research | Feudal Age |
| 19:21 | Build | Mill |
| 19:31 | Build | Mining Camp |
| 20:01 | Create | Villager (Male) |
| 20:02 | Create | Villager (Male) |
| 20:02 | Create | Villager (Male) |
| 20:45 | Build | Farm |
| 20:45 | Build | Farm |
| 20:46 | Build | Farm |
| 20:46 | Build | Farm |
| 21:22 | Age | Feudal Age |
| 21:25 | Create | Villager (Male) |
| 21:25 | Create | Villager (Male) |
| 21:26 | Create | Villager (Male) |
| 21:40 | Create | Villager (Male) |
| 21:40 | Create | Villager (Male) |
| 21:40 | Create | Villager (Male) |
| 21:40 | Create | Villager (Male) |
| 21:41 | Create | Villager (Male) |
| 22:19 | Build | Farm |
| 22:19 | Build | Farm |
| 22:20 | Build | Farm |
| 22:20 | Build | Farm |
| 22:20 | Build | Farm |
| 22:20 | Build | Farm |
| 22:21 | Build | Farm |
| 22:21 | Build | Farm |
| 22:29 | Create | Villager (Male) |
| 22:29 | Create | Villager (Male) |
| 22:29 | Create | Villager (Male) |
| 22:29 | Create | Villager (Male) |
| 22:30 | Create | Villager (Male) |
| 24:10 | Create | Villager (Male) |
| 24:10 | Create | Villager (Male) |
| 24:11 | Create | Villager (Male) |
| 24:11 | Create | Villager (Male) |
| 24:24 | Create | Villager (Male) |
| 24:24 | Create | Villager (Male) |
| 24:25 | Create | Villager (Male) |
| 24:44 | Build | Stone Wall |
| 25:59 | Create | Villager (Male) |
| 25:59 | Create | Villager (Male) |
| 25:59 | Create | Villager (Male) |
| 26:00 | Create | Villager (Male) |
| 26:00 | Create | Villager (Male) |
| 26:00 | Create | Villager (Male) |
| 27:03 | Build | Gate |
| 27:08 | Create | Villager (Male) |
| 27:57 | Create | Villager (Male) |
| 27:57 | Create | Villager (Male) |
| 27:58 | Create | Villager (Male) |
| 28:33 | Create | Villager (Male) |
| 28:33 | Create | Villager (Male) |
| 28:34 | Create | Villager (Male) |
| 28:34 | Create | Villager (Male) |
| 28:34 | Create | Villager (Male) |
| 29:16 | Create | Villager (Male) |
| 29:16 | Create | Villager (Male) |
| 29:28 | Create | Villager (Male) |
| 29:28 | Create | Villager (Male) |
| 29:51 | Build | Market |
| 30:11 | Create | Villager (Male) |
| 30:11 | Create | Villager (Male) |
| 30:11 | Create | Villager (Male) |
| 30:12 | Create | Villager (Male) |
| 30:30 | Build | Blacksmith |
| 30:51 | Build | Watch Tower |
| 30:59 | Research | Castle Age |
| 31:04 | Research | Horse Collar |
| 31:04 | Research | Horse Collar |
| 31:32 | Research | Fletching |
| 31:38 | Build | Farm |
| 31:38 | Build | Farm |
| 33:03 | Research | Double-Bit Axe |
| 33:09 | Build | Barracks |
Build order — 又菜又爱玩
First 150 of 216 actions detected
| 0:04 | Build | House |
| 0:06 | Build | House |
| 0:09 | Create | Villager (Male) |
| 0:09 | Create | Villager (Male) |
| 0:09 | Create | Villager (Male) |
| 0:10 | Create | Villager (Male) |
| 1:49 | Create | Villager (Male) |
| 2:12 | Create | Villager (Male) |
| 2:20 | Create | Villager (Male) |
| 3:45 | Create | Villager (Male) |
| 3:45 | Create | Villager (Male) |
| 3:45 | Create | Villager (Male) |
| 3:46 | Create | Villager (Male) |
| 3:46 | Create | Villager (Male) |
| 4:25 | Build | House |
| 4:46 | Create | Villager (Male) |
| 4:46 | Create | Villager (Male) |
| 5:11 | Build | Lumber Camp |
| 6:25 | Create | Villager (Male) |
| 6:26 | Create | Villager (Male) |
| 6:26 | Create | Villager (Male) |
| 6:39 | Create | Villager (Male) |
| 6:39 | Create | Villager (Male) |
| 6:53 | Create | Villager (Male) |
| 6:53 | Create | Villager (Male) |
| 6:59 | Build | Mill |
| 7:02 | Create | Villager (Male) |
| 7:40 | Build | Mill |
| 7:57 | Create | Villager (Male) |
| 7:57 | Create | Villager (Male) |
| 8:15 | Build | House |
| 8:49 | Research | Feudal Age |
| 9:58 | Create | Villager (Male) |
| 9:59 | Create | Villager (Male) |
| 9:59 | Create | Villager (Male) |
| 10:47 | Build | Mining Camp |
| 10:59 | Age | Feudal Age |
| 11:13 | Research | Double-Bit Axe |
| 11:14 | Research | Double-Bit Axe |
| 11:30 | Build | Farm |
| 12:00 | Build | Farm |
| 12:03 | Build | Farm |
| 12:06 | Build | Farm |
| 12:18 | Build | Farm |
| 12:24 | Build | House |
| 12:30 | Build | Farm |
| 12:33 | Build | Farm |
| 12:48 | Create | Villager (Male) |
| 12:48 | Create | Villager (Male) |
| 12:55 | Build | Farm |
| 12:59 | Build | Farm |
| 13:03 | Build | Farm |
| 13:49 | Build | Farm |
| 14:19 | Build | Blacksmith |
| 14:24 | Create | Villager (Male) |
| 14:27 | Create | Villager (Male) |
| 15:22 | Build | Market |
| 15:30 | Research | Horse Collar |
| 15:42 | Create | Villager (Male) |
| 16:26 | Research | Castle Age |
| 16:26 | Research | Castle Age |
| 19:06 | Age | Castle Age |
| 19:12 | Build | Town Center |
| 19:21 | Build | Town Center |
| 19:23 | Create | Villager (Male) |
| 19:23 | Create | Villager (Male) |
| 19:23 | Create | Villager (Male) |
| 19:24 | Create | Villager (Male) |
| 19:27 | Research | Bow Saw |
| 19:28 | Research | Bow Saw |
| 19:32 | Build | Monastery |
| 19:42 | Create | Villager (Male) |
| 19:55 | Research | Wheelbarrow |
| 20:23 | Create | Monk |
| 20:28 | Research | Fervor |
| 20:43 | Create | Villager (Male) |
| 20:44 | Create | Villager (Male) |
| 20:44 | Create | Villager (Male) |
| 20:46 | Create | Villager (Male) |
| 20:47 | Create | Villager (Male) |
| 20:53 | Research | Heavy Plow |
| 21:08 | Create | Villager (Male) |
| 21:08 | Create | Villager (Male) |
| 21:08 | Create | Villager (Male) |
| 21:09 | Create | Villager (Male) |
| 21:26 | Create | Villager (Male) |
| 21:39 | Create | Villager (Male) |
| 21:40 | Create | Villager (Male) |
| 21:40 | Create | Villager (Male) |
| 21:40 | Create | Villager (Male) |
| 22:01 | Create | Villager (Male) |
| 22:13 | Build | House |
| 22:14 | Build | House |
| 22:20 | Create | Monk |
| 22:25 | Build | Farm |
| 22:39 | Build | House |
| 22:50 | Build | Mining Camp |
| 22:55 | Build | Farm |
| 23:17 | Build | House |
| 23:19 | Create | Villager (Male) |
| 23:19 | Create | Villager (Male) |
| 23:23 | Build | House |
| 23:26 | Create | Villager (Male) |
| 23:26 | Create | Villager (Male) |
| 23:31 | Create | Villager (Male) |
| 23:36 | Build | Farm |
| 23:44 | Build | Farm |
| 23:57 | Build | House |
| 24:12 | Create | Villager (Male) |
| 24:12 | Create | Villager (Male) |
| 24:12 | Create | Villager (Male) |
| 24:17 | Create | Villager (Male) |
| 24:18 | Create | Villager (Male) |
| 24:39 | Build | Farm |
| 24:53 | Build | Farm |
| 25:05 | Create | Villager (Male) |
| 25:05 | Create | Villager (Male) |
| 25:11 | Research | Hand Cart |
| 25:11 | Research | Hand Cart |
| 25:27 | Create | Villager (Male) |
| 25:34 | Build | Farm |
| 25:40 | Build | House |
| 25:41 | Build | House |
| 25:42 | Build | House |
| 25:59 | Research | Stone Mining |
| 26:00 | Research | Gold Mining |
| 26:00 | Research | Gold Mining |
| 26:02 | Create | Villager (Male) |
| 26:02 | Create | Villager (Male) |
| 26:06 | Create | Villager (Male) |
| 26:06 | Create | Villager (Male) |
| 26:14 | Create | Villager (Male) |
| 26:20 | Build | Farm |
| 26:23 | Build | Farm |
| 26:28 | Build | Farm |
| 26:34 | Create | Monk |
| 26:59 | Build | Barracks |
| 27:01 | Research | Scale Mail Armor |
| 27:03 | Research | Forging |
| 27:09 | Build | Farm |
| 27:13 | Build | Farm |
| 27:22 | Build | House |
| 27:27 | Create | Villager (Male) |
| 27:34 | Create | Villager (Male) |
| 27:35 | Create | Villager (Male) |
| 27:41 | Build | Lumber Camp |
| 27:45 | Create | Villager (Male) |
| 27:45 | Create | Villager (Male) |
| 27:52 | Build | Farm |
| 28:01 | Build | Farm |
Build order — mistermabilis
First 150 of 199 actions detected
| 0:03 | Create | Villager (Male) |
| 0:03 | Create | Villager (Male) |
| 0:07 | Build | House |
| 0:10 | Build | House |
| 0:43 | Create | Villager (Male) |
| 0:43 | Create | Villager (Male) |
| 0:43 | Create | Villager (Male) |
| 0:44 | Create | Villager (Male) |
| 1:35 | Create | Villager (Male) |
| 1:36 | Create | Villager (Male) |
| 3:44 | Create | Villager (Male) |
| 3:45 | Create | Villager (Male) |
| 3:45 | Create | Villager (Male) |
| 3:45 | Create | Villager (Male) |
| 3:45 | Create | Villager (Male) |
| 4:34 | Create | Villager (Male) |
| 4:34 | Create | Villager (Male) |
| 5:27 | Create | Villager (Male) |
| 5:27 | Create | Villager (Male) |
| 5:28 | Create | Villager (Male) |
| 6:31 | Build | Mill |
| 6:43 | Research | Loom |
| 6:58 | Build | House |
| 6:59 | Build | House |
| 7:49 | Create | Villager (Male) |
| 7:50 | Create | Villager (Male) |
| 7:50 | Create | Villager (Male) |
| 7:51 | Create | Villager (Male) |
| 8:17 | Build | Lumber Camp |
| 8:36 | Create | Villager (Male) |
| 11:14 | Create | Villager (Male) |
| 11:14 | Create | Villager (Male) |
| 11:14 | Create | Villager (Male) |
| 11:15 | Create | Villager (Male) |
| 11:15 | Create | Villager (Male) |
| 11:15 | Create | Villager (Male) |
| 12:16 | Build | House |
| 12:47 | Build | Mining Camp |
| 13:14 | Research | Feudal Age |
| 15:05 | Build | Palisade Wall |
| 15:18 | Age | Feudal Age |
| 15:58 | Build | Barracks |
| 16:45 | Build | Blacksmith |
| 16:56 | Create | Villager (Male) |
| 16:57 | Create | Villager (Male) |
| 17:25 | Build | Stable |
| 18:01 | Research | Castle Age |
| 18:16 | Research | Double-Bit Axe |
| 18:19 | Research | Horse Collar |
| 18:31 | Build | Farm |
| 18:33 | Build | Farm |
| 18:36 | Build | Farm |
| 19:06 | Create | Villager (Male) |
| 19:06 | Create | Villager (Male) |
| 20:20 | Build | Farm |
| 20:27 | Age | Castle Age |
| 20:31 | Build | Farm |
| 20:53 | Build | Town Center |
| 21:03 | Research | Heavy Plow |
| 21:13 | Create | Knight |
| 21:13 | Create | Knight |
| 21:15 | Create | Knight |
| 21:32 | Build | Town Center |
| 21:38 | Create | Villager (Male) |
| 21:39 | Create | Villager (Male) |
| 21:39 | Create | Villager (Male) |
| 21:47 | Research | Scale Barding Armor |
| 22:12 | Build | House |
| 22:44 | Create | Camel Scout |
| 22:45 | Create | Camel Scout |
| 23:31 | Create | Villager (Male) |
| 23:31 | Create | Villager (Male) |
| 23:31 | Create | Villager (Male) |
| 23:31 | Create | Villager (Male) |
| 23:38 | Create | Villager (Male) |
| 24:05 | Build | Farm |
| 24:06 | Build | Farm |
| 24:06 | Build | Farm |
| 24:07 | Build | Farm |
| 24:07 | Build | Farm |
| 24:08 | Build | Farm |
| 24:17 | Build | Farm |
| 24:17 | Build | Farm |
| 24:18 | Build | Farm |
| 24:18 | Build | Farm |
| 24:19 | Build | Farm |
| 25:07 | Create | Camel Scout |
| 25:07 | Create | Camel Scout |
| 25:07 | Create | Camel Scout |
| 25:08 | Create | Camel Scout |
| 26:29 | Create | Villager (Male) |
| 26:29 | Create | Villager (Male) |
| 26:29 | Create | Villager (Male) |
| 26:29 | Create | Villager (Male) |
| 26:30 | Create | Villager (Male) |
| 26:30 | Create | Villager (Male) |
| 26:34 | Create | Camel Scout |
| 26:34 | Create | Camel Scout |
| 27:15 | Create | Villager (Male) |
| 27:15 | Create | Villager (Male) |
| 27:16 | Create | Villager (Male) |
| 27:16 | Create | Villager (Male) |
| 27:39 | Build | Market |
| 27:46 | Build | Farm |
| 27:49 | Create | Villager (Male) |
| 27:50 | Create | Villager (Male) |
| 27:50 | Create | Villager (Male) |
| 27:50 | Create | Villager (Male) |
| 27:59 | Build | House |
| 28:00 | Build | House |
| 28:01 | Build | House |
| 28:03 | Build | House |
| 28:04 | Build | House |
| 28:04 | Build | House |
| 28:16 | Build | Farm |
| 28:16 | Build | Farm |
| 28:16 | Build | Farm |
| 28:17 | Build | Farm |
| 28:17 | Build | Farm |
| 28:18 | Build | Farm |
| 28:18 | Build | Farm |
| 28:18 | Build | Farm |
| 28:19 | Build | Farm |
| 28:31 | Create | Villager (Male) |
| 28:31 | Create | Villager (Male) |
| 28:32 | Create | Villager (Male) |
| 28:39 | Build | Farm |
| 28:57 | Build | Town Center |
| 30:22 | Build | House |
| 30:23 | Build | House |
| 30:24 | Build | House |
| 30:25 | Build | House |
| 30:28 | Build | House |
| 30:29 | Build | House |
| 30:30 | Build | House |
| 30:45 | Create | Villager (Male) |
| 30:45 | Create | Villager (Male) |
| 30:45 | Create | Villager (Male) |
| 30:46 | Create | Villager (Male) |
| 30:46 | Create | Villager (Male) |
| 30:46 | Create | Villager (Male) |
| 30:46 | Create | Villager (Male) |
| 30:47 | Create | Villager (Male) |
| 30:47 | Create | Villager (Male) |
| 30:47 | Create | Villager (Male) |
| 30:47 | Create | Villager (Male) |
| 30:48 | Create | Villager (Male) |
| 30:48 | Create | Villager (Male) |
| 30:48 | Create | Villager (Male) |
| 30:49 | Create | Villager (Male) |
Build order — necca
First 150 of 260 actions detected
| 0:02 | Create | Villager (Male) |
| 0:02 | Create | Villager (Male) |
| 0:03 | Create | Villager (Male) |
| 0:03 | Create | Villager (Male) |
| 0:03 | Create | Villager (Male) |
| 0:05 | Build | House |
| 0:07 | Build | House |
| 1:38 | Create | Villager (Male) |
| 2:04 | Create | Villager (Male) |
| 2:14 | Build | Lumber Camp |
| 2:18 | Create | Villager (Male) |
| 3:02 | Create | Villager (Male) |
| 3:02 | Create | Villager (Male) |
| 3:42 | Create | Villager (Male) |
| 3:42 | Create | Villager (Male) |
| 3:42 | Create | Villager (Male) |
| 4:16 | Create | Villager (Male) |
| 4:16 | Create | Villager (Male) |
| 4:17 | Create | Villager (Male) |
| 4:39 | Build | House |
| 5:18 | Create | Villager (Male) |
| 5:18 | Create | Villager (Male) |
| 5:19 | Create | Villager (Male) |
| 6:09 | Build | House |
| 6:22 | Build | House |
| 6:45 | Create | Villager (Male) |
| 6:45 | Create | Villager (Male) |
| 6:45 | Create | Villager (Male) |
| 6:46 | Create | Villager (Male) |
| 8:09 | Create | Villager (Male) |
| 8:09 | Create | Villager (Male) |
| 8:10 | Create | Villager (Male) |
| 8:10 | Create | Villager (Male) |
| 8:10 | Create | Villager (Male) |
| 8:11 | Create | Villager (Male) |
| 8:53 | Build | Mill |
| 9:52 | Build | Mill |
| 10:39 | Build | Farm |
| 10:39 | Build | Farm |
| 10:44 | Create | Villager (Male) |
| 10:44 | Create | Villager (Male) |
| 10:45 | Create | Villager (Male) |
| 10:45 | Create | Villager (Male) |
| 10:45 | Create | Villager (Male) |
| 10:45 | Create | Villager (Male) |
| 10:46 | Create | Villager (Male) |
| 10:46 | Create | Villager (Male) |
| 11:20 | Create | Villager (Male) |
| 11:21 | Create | Villager (Male) |
| 11:21 | Create | Villager (Male) |
| 11:22 | Create | Villager (Male) |
| 11:22 | Create | Villager (Male) |
| 11:23 | Create | Villager (Male) |
| 11:23 | Create | Villager (Male) |
| 11:31 | Research | Feudal Age |
| 11:35 | Build | House |
| 11:39 | Build | Farm |
| 11:40 | Build | Farm |
| 11:41 | Build | Farm |
| 11:42 | Build | Farm |
| 13:41 | Age | Feudal Age |
| 13:42 | Create | Villager (Male) |
| 13:43 | Create | Villager (Male) |
| 13:50 | Build | Mining Camp |
| 13:57 | Research | Horse Collar |
| 14:08 | Create | Villager (Male) |
| 14:10 | Build | Farm |
| 14:33 | Build | Stone Wall |
| 14:40 | Build | Farm |
| 14:44 | Create | Villager (Male) |
| 14:49 | Build | Mining Camp |
| 14:51 | Research | Gold Mining |
| 15:18 | Build | Farm |
| 15:35 | Build | Farm |
| 15:43 | Build | Farm |
| 15:45 | Create | Villager (Male) |
| 15:46 | Create | Villager (Male) |
| 15:48 | Create | Villager (Male) |
| 16:12 | Research | Castle Age |
| 16:15 | Build | Farm |
| 16:48 | Create | Villager (Male) |
| 16:48 | Create | Villager (Male) |
| 16:55 | Build | House |
| 16:56 | Build | House |
| 16:57 | Build | House |
| 17:01 | Research | Double-Bit Axe |
| 17:21 | Build | House |
| 17:24 | Build | House |
| 17:54 | Build | Mill |
| 18:08 | Build | House |
| 18:12 | Build | House |
| 18:22 | Research | Wheelbarrow |
| 18:23 | Research | Town Watch |
| 18:46 | Build | House |
| 18:48 | Build | House |
| 18:49 | Build | House |
| 18:50 | Build | House |
| 18:52 | Age | Castle Age |
| 18:58 | Research | Bow Saw |
| 19:02 | Build | Town Center |
| 19:08 | Create | Villager (Male) |
| 19:08 | Create | Villager (Male) |
| 19:08 | Create | Villager (Male) |
| 19:38 | Research | Gold Shaft Mining |
| 19:38 | Research | Stone Mining |
| 19:48 | Research | Stone Mining |
| 19:54 | Create | Villager (Male) |
| 19:56 | Create | Villager (Male) |
| 20:15 | Build | Monastery |
| 20:20 | Create | Villager (Male) |
| 20:22 | Create | Villager (Male) |
| 20:23 | Create | Villager (Male) |
| 20:40 | Build | University |
| 20:44 | Build | Blacksmith |
| 20:51 | Create | Villager (Male) |
| 20:53 | Create | Villager (Male) |
| 21:04 | Build | Mining Camp |
| 21:11 | Build | House |
| 21:12 | Build | House |
| 21:13 | Build | House |
| 21:26 | Create | Villager (Male) |
| 21:26 | Create | Villager (Male) |
| 21:28 | Create | Villager (Male) |
| 21:29 | Create | Villager (Male) |
| 21:50 | Create | Villager (Male) |
| 21:50 | Create | Villager (Male) |
| 21:50 | Create | Villager (Male) |
| 22:07 | Build | Farm |
| 22:09 | Build | Farm |
| 23:01 | Create | Villager (Male) |
| 23:01 | Create | Villager (Male) |
| 23:10 | Research | Hand Cart |
| 23:11 | Create | Villager (Male) |
| 23:11 | Create | Villager (Male) |
| 23:27 | Create | Villager (Male) |
| 23:32 | Create | Villager (Male) |
| 23:35 | Build | Mining Camp |
| 23:59 | Create | Villager (Male) |
| 24:03 | Create | Villager (Male) |
| 24:05 | Create | Monk |
| 24:17 | Research | Fortified Wall (upgrade) |
| 24:25 | Create | Villager (Male) |
| 24:25 | Create | Villager (Male) |
| 24:45 | Create | Villager (Male) |
| 24:45 | Create | Villager (Male) |
| 24:50 | Build | Farm |
| 25:04 | Build | House |
| 25:11 | Research | Forging |
| 25:16 | Create | Villager (Male) |
| 25:27 | Build | Farm |
Build order — BoToR
First 150 of 217 actions detected
| 0:03 | Create | Villager (Male) |
| 0:04 | Build | House |
| 0:06 | Build | House |
| 0:25 | Create | Villager (Male) |
| 0:34 | Create | Villager (Male) |
| 0:48 | Create | Villager (Male) |
| 1:48 | Build | Palisade Wall |
| 1:56 | Create | Villager (Male) |
| 1:56 | Create | Villager (Male) |
| 2:27 | Build | House |
| 3:26 | Create | Villager (Male) |
| 3:27 | Create | Villager (Male) |
| 3:27 | Create | Villager (Male) |
| 3:54 | Build | Palisade Gate |
| 4:02 | Create | Villager (Male) |
| 4:20 | Create | Villager (Male) |
| 4:49 | Create | Villager (Male) |
| 5:55 | Create | Villager (Male) |
| 6:37 | Build | Lumber Camp |
| 6:39 | Create | Villager (Male) |
| 6:51 | Build | Lumber Camp |
| 7:08 | Create | Villager (Male) |
| 7:20 | Build | House |
| 7:49 | Create | Villager (Male) |
| 7:50 | Create | Villager (Male) |
| 8:10 | Build | Mill |
| 8:18 | Create | Villager (Male) |
| 9:13 | Create | Villager (Male) |
| 9:17 | Research | Feudal Age |
| 10:02 | Build | Barracks |
| 10:04 | Create | Villager (Male) |
| 10:56 | Build | Mining Camp |
| 11:07 | Create | Villager (Male) |
| 11:48 | Age | Feudal Age |
| 11:53 | Create | Villager (Male) |
| 12:15 | Research | Horse Collar |
| 12:26 | Research | Double-Bit Axe |
| 12:29 | Create | Villager (Male) |
| 12:43 | Build | Farm |
| 12:57 | Build | Farm |
| 13:07 | Build | House |
| 13:10 | Build | Farm |
| 13:15 | Build | Farm |
| 13:18 | Create | Villager (Male) |
| 13:35 | Build | Farm |
| 14:02 | Build | Blacksmith |
| 14:17 | Create | Villager (Male) |
| 14:18 | Create | Villager (Male) |
| 14:31 | Build | Market |
| 14:33 | Create | Villager (Male) |
| 14:52 | Create | Villager (Male) |
| 15:17 | Create | Villager (Male) |
| 15:21 | Build | Farm |
| 15:40 | Create | Militia |
| 15:41 | Create | Militia |
| 15:41 | Create | Militia |
| 15:51 | Build | House |
| 16:01 | Build | Farm |
| 16:04 | Build | Farm |
| 16:05 | Build | Farm |
| 16:14 | Build | Mill |
| 16:28 | Build | House |
| 16:39 | Build | Farm |
| 16:40 | Build | Farm |
| 16:40 | Build | Farm |
| 16:41 | Build | Farm |
| 16:41 | Build | Farm |
| 16:47 | Research | Man-at-Arms (upgrade) |
| 16:52 | Create | Militia |
| 17:27 | Research | Castle Age |
| 17:27 | Research | Castle Age |
| 18:01 | Create | Villager (Male) |
| 18:04 | Build | Farm |
| 18:04 | Build | Farm |
| 18:11 | Create | Villager (Male) |
| 19:21 | Create | Militia |
| 20:07 | Age | Castle Age |
| 20:22 | Build | Town Center |
| 20:30 | Build | Farm |
| 20:31 | Build | Farm |
| 21:42 | Create | Villager (Male) |
| 21:43 | Research | Wheelbarrow |
| 22:06 | Build | Mill |
| 22:11 | Build | Farm |
| 22:12 | Build | Farm |
| 22:14 | Create | Villager (Male) |
| 22:15 | Create | Villager (Male) |
| 22:15 | Create | Villager (Male) |
| 22:15 | Create | Villager (Male) |
| 22:15 | Create | Villager (Male) |
| 22:15 | Create | Villager (Male) |
| 22:29 | Build | Stable |
| 22:30 | Build | Stable |
| 23:11 | Build | Town Center |
| 23:33 | Create | Villager (Male) |
| 23:33 | Create | Villager (Male) |
| 23:50 | Create | Knight |
| 23:51 | Create | Knight |
| 23:51 | Create | Knight |
| 23:51 | Create | Knight |
| 24:00 | Create | Knight |
| 24:00 | Create | Knight |
| 24:01 | Research | Husbandry |
| 24:05 | Create | Villager (Male) |
| 24:05 | Create | Villager (Male) |
| 24:15 | Research | Hand Cart |
| 24:21 | Research | Heavy Plow |
| 24:26 | Build | Farm |
| 24:54 | Create | Villager (Male) |
| 24:54 | Create | Villager (Male) |
| 24:55 | Create | Villager (Male) |
| 24:55 | Create | Villager (Male) |
| 25:12 | Build | House |
| 25:14 | Build | House |
| 25:16 | Build | House |
| 25:33 | Build | Farm |
| 25:35 | Build | Farm |
| 25:39 | Build | Farm |
| 25:50 | Create | Villager (Male) |
| 25:51 | Create | Villager (Male) |
| 25:51 | Create | Villager (Male) |
| 25:52 | Create | Villager (Male) |
| 25:52 | Create | Villager (Male) |
| 25:53 | Create | Villager (Male) |
| 25:57 | Research | Bloodlines |
| 26:03 | Research | Light Cavalry (upgrade) |
| 26:08 | Research | Forging |
| 26:30 | Build | Monastery |
| 26:39 | Create | Villager (Male) |
| 26:40 | Create | Villager (Male) |
| 26:40 | Create | Villager (Male) |
| 26:40 | Create | Villager (Male) |
| 26:40 | Create | Villager (Male) |
| 26:41 | Create | Villager (Male) |
| 27:16 | Research | Iron Casting |
| 27:36 | Build | Stone Wall |
| 27:41 | Create | Villager (Male) |
| 27:41 | Create | Villager (Male) |
| 27:41 | Create | Villager (Male) |
| 27:41 | Create | Villager (Male) |
| 27:42 | Create | Villager (Male) |
| 27:43 | Create | Villager (Male) |
| 27:46 | Create | Monk |
| 27:56 | Build | Farm |
| 27:59 | Build | Farm |
| 28:01 | Build | Farm |
| 28:07 | Create | Villager (Male) |
| 28:07 | Create | Villager (Male) |
| 28:07 | Create | Villager (Male) |
| 28:07 | Create | Villager (Male) |
Build order — Johnny_Joester
78 actions detected in the replay
| 0:45 | Create | Villager (Male) |
| 0:45 | Create | Villager (Male) |
| 0:51 | Build | House |
| 1:21 | Create | Villager (Male) |
| 1:22 | Create | Villager (Male) |
| 1:31 | Build | Lumber Camp |
| 2:01 | Create | Villager (Male) |
| 3:37 | Create | Villager (Male) |
| 3:37 | Create | Villager (Male) |
| 4:48 | Build | Mining Camp |
| 5:14 | Build | House |
| 6:55 | Create | Villager (Male) |
| 6:55 | Create | Villager (Male) |
| 6:55 | Create | Villager (Male) |
| 6:56 | Create | Villager (Male) |
| 6:56 | Create | Villager (Male) |
| 7:33 | Research | Feudal Age |
| 7:33 | Research | Feudal Age |
| 9:43 | Age | Feudal Age |
| 9:52 | Research | Loom |
| 9:53 | Research | Wheelbarrow |
| 9:54 | Create | Villager (Male) |
| 9:55 | Create | Villager (Male) |
| 11:34 | Build | Mill |
| 11:37 | Create | Villager (Male) |
| 11:38 | Create | Villager (Male) |
| 11:38 | Create | Villager (Male) |
| 11:39 | Create | Villager (Male) |
| 11:44 | Build | House |
| 11:55 | Create | Villager (Male) |
| 12:18 | Create | Villager (Male) |
| 12:22 | Build | Farm |
| 13:15 | Create | Villager (Male) |
| 13:15 | Create | Villager (Male) |
| 13:15 | Create | Villager (Male) |
| 13:15 | Create | Villager (Male) |
| 13:21 | Research | Wheelbarrow |
| 13:26 | Research | Wheelbarrow |
| 13:26 | Create | Villager (Male) |
| 13:27 | Create | Villager (Male) |
| 13:27 | Create | Villager (Male) |
| 13:37 | Build | House |
| 13:47 | Build | Farm |
| 14:00 | Research | Double-Bit Axe |
| 14:15 | Create | Villager (Male) |
| 14:51 | Create | Villager (Male) |
| 14:51 | Create | Villager (Male) |
| 15:41 | Build | Barracks |
| 16:26 | Build | Farm |
| 16:29 | Build | Farm |
| 16:31 | Build | Farm |
| 16:35 | Build | Farm |
| 16:47 | Create | Villager (Male) |
| 16:47 | Create | Villager (Male) |
| 16:47 | Create | Villager (Male) |
| 16:47 | Create | Villager (Male) |
| 16:48 | Create | Villager (Male) |
| 16:53 | Build | Farm |
| 16:58 | Build | Farm |
| 17:37 | Build | Market |
| 17:47 | Create | Spearman |
| 17:47 | Create | Militia |
| 17:51 | Create | Spearman |
| 17:51 | Create | Spearman |
| 17:51 | Create | Spearman |
| 17:57 | Create | Villager (Male) |
| 17:57 | Create | Villager (Male) |
| 17:58 | Create | Villager (Male) |
| 18:06 | Research | Horse Collar |
| 19:25 | Create | Militia |
| 19:25 | Create | Militia |
| 19:26 | Create | Militia |
| 19:26 | Create | Militia |
| 19:51 | Create | Militia |
| 19:52 | Create | Militia |
| 19:52 | Create | Militia |
| 19:52 | Create | Militia |
| 19:52 | Create | Militia |
Build order — Ñorda
First 150 of 164 actions detected
| 0:10 | Build | House |
| 0:11 | Create | Villager (Male) |
| 0:11 | Create | Villager (Male) |
| 0:11 | Create | Villager (Male) |
| 0:11 | Create | Villager (Male) |
| 0:12 | Create | Villager (Male) |
| 0:49 | Research | Loom |
| 1:01 | Build | House |
| 1:03 | Build | House |
| 2:50 | Build | Palisade Wall |
| 3:47 | Create | Villager (Male) |
| 3:48 | Create | Villager (Male) |
| 4:57 | Create | Villager (Male) |
| 4:58 | Create | Villager (Male) |
| 6:04 | Build | Palisade Wall |
| 8:00 | Create | Villager (Male) |
| 8:00 | Create | Villager (Male) |
| 8:11 | Build | Palisade Wall |
| 8:25 | Create | Villager (Male) |
| 8:25 | Create | Villager (Male) |
| 8:26 | Create | Villager (Male) |
| 9:34 | Create | Villager (Male) |
| 9:34 | Create | Villager (Male) |
| 9:34 | Create | Villager (Male) |
| 9:47 | Create | Villager (Male) |
| 9:47 | Create | Villager (Male) |
| 11:12 | Create | Villager (Male) |
| 11:12 | Create | Villager (Male) |
| 11:12 | Create | Villager (Male) |
| 11:12 | Create | Villager (Male) |
| 12:24 | Create | Villager (Male) |
| 12:25 | Create | Villager (Male) |
| 12:25 | Create | Villager (Male) |
| 12:25 | Create | Villager (Male) |
| 12:48 | Build | Mill |
| 13:59 | Create | Villager (Male) |
| 16:02 | Create | Villager (Male) |
| 16:03 | Create | Villager (Male) |
| 16:03 | Create | Villager (Male) |
| 16:03 | Create | Villager (Male) |
| 16:03 | Create | Villager (Male) |
| 16:03 | Create | Villager (Male) |
| 16:54 | Build | Lumber Camp |
| 18:35 | Create | Villager (Male) |
| 18:35 | Create | Villager (Male) |
| 18:35 | Create | Villager (Male) |
| 18:35 | Create | Villager (Male) |
| 18:35 | Create | Villager (Male) |
| 18:36 | Create | Villager (Male) |
| 18:46 | Build | House |
| 18:47 | Build | House |
| 19:44 | Build | Farm |
| 19:45 | Build | Farm |
| 19:48 | Build | Farm |
| 19:49 | Build | Farm |
| 19:50 | Build | Farm |
| 19:51 | Build | Farm |
| 19:52 | Build | Farm |
| 19:53 | Build | Farm |
| 20:07 | Build | Mill |
| 20:17 | Build | House |
| 21:19 | Research | Feudal Age |
| 23:31 | Age | Feudal Age |
| 23:45 | Create | Villager (Male) |
| 23:46 | Create | Villager (Male) |
| 23:46 | Create | Villager (Male) |
| 23:46 | Create | Villager (Male) |
| 23:46 | Create | Villager (Male) |
| 23:47 | Create | Villager (Male) |
| 23:47 | Create | Villager (Male) |
| 23:47 | Create | Villager (Male) |
| 23:47 | Create | Villager (Male) |
| 23:48 | Create | Villager (Male) |
| 23:49 | Create | Villager (Male) |
| 24:55 | Build | Mining Camp |
| 25:23 | Research | Horse Collar |
| 25:27 | Research | Double-Bit Axe |
| 25:36 | Research | Gold Mining |
| 25:59 | Build | Mining Camp |
| 26:40 | Build | House |
| 26:40 | Build | House |
| 26:55 | Research | Castle Age |
| 27:16 | Build | Gate |
| 28:34 | Build | Stone Wall |
| 28:50 | Build | House |
| 28:51 | Build | House |
| 28:52 | Build | House |
| 28:53 | Build | House |
| 28:54 | Build | House |
| 29:45 | Age | Castle Age |
| 29:53 | Build | Town Center |
| 29:58 | Create | Villager (Male) |
| 29:58 | Create | Villager (Male) |
| 30:00 | Create | Villager (Male) |
| 30:00 | Create | Villager (Male) |
| 30:00 | Create | Villager (Male) |
| 30:00 | Create | Villager (Male) |
| 30:00 | Create | Villager (Male) |
| 30:01 | Create | Villager (Male) |
| 30:01 | Create | Villager (Male) |
| 30:01 | Create | Villager (Male) |
| 30:01 | Create | Villager (Male) |
| 30:02 | Create | Villager (Male) |
| 30:02 | Create | Villager (Male) |
| 30:02 | Create | Villager (Male) |
| 30:05 | Build | Farm |
| 30:05 | Build | Farm |
| 30:09 | Build | Farm |
| 30:10 | Build | Farm |
| 30:11 | Build | Farm |
| 30:12 | Build | Farm |
| 31:30 | Research | Stone Mining |
| 31:38 | Create | Villager (Male) |
| 31:39 | Create | Villager (Male) |
| 31:39 | Create | Villager (Male) |
| 32:00 | Build | Castle |
| 32:46 | Build | Farm |
| 32:47 | Build | Farm |
| 32:48 | Build | Farm |
| 32:50 | Build | Farm |
| 32:56 | Create | Villager (Male) |
| 32:56 | Create | Villager (Male) |
| 32:57 | Create | Villager (Male) |
| 32:57 | Create | Villager (Male) |
| 32:57 | Create | Villager (Male) |
| 32:57 | Create | Villager (Male) |
| 33:02 | Build | House |
| 33:03 | Build | House |
| 33:04 | Build | House |
| 33:40 | Create | Ballista Elephant |
| 33:41 | Create | Ballista Elephant |
| 33:56 | Build | Farm |
| 33:57 | Build | Farm |
| 34:01 | Build | Farm |
| 34:02 | Build | Farm |
| 34:03 | Build | Farm |
| 34:04 | Build | Farm |
| 34:07 | Create | Villager (Male) |
| 34:07 | Create | Villager (Male) |
| 34:07 | Create | Villager (Male) |
| 34:15 | Build | Farm |
| 34:16 | Build | Farm |
| 34:18 | Build | Farm |
| 34:21 | Build | Farm |
| 34:27 | Build | Farm |
| 34:29 | Build | Farm |
| 34:31 | Build | Farm |
| 34:33 | Build | Farm |
| 34:38 | Create | Villager (Male) |
| 34:38 | Create | Villager (Male) |
Match timeline
| 0:50 | mm_ken · wall_segment Palisade Wall x20 |
| 1:48 | BoToR · wall_segment Palisade Wall x7 |
| 2:50 | Ñorda · wall_segment Palisade Wall x17 |
| 6:04 | Ñorda · wall_segment Palisade Wall x18 |
| 8:11 | Ñorda · wall_segment Palisade Wall x3 |
| 9:43 | Johnny_Joester · age_up feudal |
| 10:02 | BoToR · first_building Barracks |
| 10:59 | 又菜又爱玩 · age_up feudal |
| 11:48 | BoToR · age_up feudal |
| 13:41 | necca · age_up feudal |
| 13:50 | WWPKIMI · first_building Barracks |
| 14:33 | necca · wall_segment Stone Wall x18 |
| 14:42 | WWPKIMI · first_building Stable |
| 15:05 | mistermabilis · wall_segment Palisade Wall x1 |
| 15:18 | mistermabilis · age_up feudal |
| 15:41 | Johnny_Joester · first_building Barracks |
| 15:58 | mistermabilis · first_building Barracks |
| 17:25 | mistermabilis · first_building Stable |
| 18:52 | necca · age_up castle |
| 19:06 | 又菜又爱玩 · age_up castle |
| 19:32 | 又菜又爱玩 · first_building Monastery |
| 20:07 | BoToR · age_up castle |
| 20:15 | necca · first_building Monastery |
| 20:27 | mistermabilis · age_up castle |
| 20:41 | WWPKIMI · first_building Siege Workshop |
| 21:22 | mm_ken · age_up feudal |
| 21:32 | Johnny_Joester · resign |
| 22:29 | BoToR · first_building Stable |
| 23:31 | Ñorda · age_up feudal |
| 24:44 | mm_ken · wall_segment Stone Wall x28 |
| 26:30 | BoToR · first_building Monastery |
| 26:59 | 又菜又爱玩 · first_building Barracks |
| 27:04 | necca · first_building Castle |
| 27:36 | BoToR · wall_segment Stone Wall x13 |
| 28:06 | necca · first_building Stable |
| 28:31 | BoToR · wall_segment Stone Wall x14 |
| 28:34 | Ñorda · wall_segment Stone Wall x16 |
| 29:45 | mistermabilis · tribute_sent a jugador 1 |
| 29:45 | mistermabilis · tribute_sent a jugador 2 |
| 29:45 | mistermabilis · tribute_sent a jugador 4 |
| 29:45 | mistermabilis · tribute_sent a jugador 5 |
| 29:45 | mistermabilis · tribute_sent a jugador 6 |
| 29:45 | mistermabilis · tribute_sent a jugador 7 |
| 29:45 | mistermabilis · tribute_sent a jugador 8 |
| 29:45 | Ñorda · age_up castle |
| 30:11 | mistermabilis · tribute_sent a jugador 1 |
| 30:11 | mistermabilis · tribute_sent a jugador 2 |
| 30:11 | mistermabilis · tribute_sent a jugador 4 |
| 30:11 | mistermabilis · tribute_sent a jugador 5 |
| 30:11 | mistermabilis · tribute_sent a jugador 6 |
| 30:11 | mistermabilis · tribute_sent a jugador 7 |
| 30:11 | mistermabilis · tribute_sent a jugador 8 |
| 30:19 | BoToR · first_building Castle |
| 31:07 | 又菜又爱玩 · first_building Castle |
| 31:26 | mm_ken · first_market_sell 100 food |
| 32:00 | Ñorda · first_building Castle |
| 33:09 | mm_ken · first_building Barracks |
| 34:01 | 又菜又爱玩 · tribute_sent a jugador 1 |
| 34:01 | 又菜又爱玩 · tribute_sent a jugador 3 |
| 34:01 | 又菜又爱玩 · tribute_sent a jugador 4 |
| 34:01 | 又菜又爱玩 · tribute_sent a jugador 5 |
| 34:01 | 又菜又爱玩 · tribute_sent a jugador 6 |
| 34:01 | 又菜又爱玩 · tribute_sent a jugador 7 |
| 34:01 | 又菜又爱玩 · tribute_sent a jugador 8 |
| 34:38 | BoToR · first_building Siege Workshop |
| 34:40 | necca · wall_segment Stone Wall x16 |
[ AI ANALYSIS · 1 CREDIT ]
What really happened in this match?
Wolo.gg analyzes every decision: build order, eco, micro, common mistakes by bracket. Personalized analysis on WhatsApp or Discord in 30 seconds.
Civ guide
Franks
Map guide
Black Forest
Perfil
Jugador #19245674